← All builds
Geo / Armada / Economy first / OBSERVED BUILD

Blitz raid

Geo rushes a Vehicle Plant and pushes out Blitz tanks from 4:14, well before the usual T2 focus, fighting forward in the middle rather than sitting on defence, then transitions back into the normal Starlight/T2 economy.

Usually blows up the commander for T2 (68%)

#raid #rush · 64 distinct matches · 20 players · 5% of Armada Geo games · team won 51% of 65 · Recently observed

THE CATCH, AND WHAT COMES WITH IT
  • BlitzT1 vehicle raid from 4:14 · 6% of role by thenFrom the Vehicle Plant. Only 6% of Geo games have it by then; others who build it get it around 7:26
  • Vehicle PlantVehicle Plant in 100%15% of all Geo games by then
  • BlitzBlitz in 65%4% of all Geo games by then

Started with Blitz (98%), Rover (2%).

Where those units first fight, in 64 games with kill data: in the middle 81%, on their own side 17%.

Those units destroy a typical 1,308 metal of enemy units by 15:00.

Then transitions into Starlight (16% of army), Jaguar (12% of army), Platypus (9% of army).

HOW TO PLAY IT

Key timing: Vehicle Plant by 3:59, Blitz by 5:28

  1. Open triple mex and wind into Bot Lab as usual for Geo.
  2. Get the geo plant up on the normal Geo timing.
  3. Skip the T2 rush and pump Blitz from an early Vehicle Plant instead.
  4. Push Blitz out to raid and fight at middle ahead of the role norm.
  5. Transition back into the usual T2 push with Advanced Vehicle Plant and Starlight.

Phase by phase

TYPICAL OF ITS 64 GAMES · AGAINST STANDARD GEO
  1. 1
  2. 2
  3. 3
  4. 4
PLAY THE OPENING

Follow the example game's first 6:00 step by step: what to build now, what comes next, and where it goes. At 1× it keeps pace with your own game.

  1. 1

    Up to the Bot Lab

    Economy
    • Metal Extractor3Mex
    • Wind Turbine4Wind
    Order
    1. Bot LabBot Lab after 3 mex, 4 winddone ~1:13, middle half 1:11–1:18

    By 0:57 in all: 3 mex · 4 wind

    The example game in this phase · 3 steps
    1. Mex ×2
    2. Wind ×4
    3. Bot LabBot Labdone 0:56 · typical 1:13
  2. 2

    Bot Lab to T1 vehicle raid

    Economy
    • Metal Extractor1Mex
    • Wind Turbine1Wind
    • Energy Converter6Converter+2 vs standard
    Order
    1. Geothermal PowerplantGeo after 4 mex, 4 wind, 1 con turret
    2. Vehicle PlantVehicle Plant after 4 mex, 4 wind, 6 converter
    3. BlitzT1 vehicle raid after 4 mex, 4 wind, 6 converter
    Builders
    • Construction Turret3 Con turret
    • Lazarus5 Lazarus
    • Construction Bot1 Con bot
    • Construction Bot1 Con bot for allies
    • Lazarus1 Lazarus for allies

    Some games also: energy storage (34%)

    By 4:14 in all: 4 mex · 4 wind · 1 geo · 6 converter (standard 4) · 3 con turret

    The example game in this phase · 20 steps
    1. Wind
    2. TickTick ×4
    3. LazarusLazarus ×2
    4. Wind
    5. Construction BotCon bot
    6. LazarusLazarusfor Beach sea
    7. Construction BotCon botfor Beach sea
    8. Mex
    9. LazarusLazarus ×2
    10. Energy storage
    11. Mex
    12. Geothermal PowerplantGeodone 3:03 · typical 3:31
    13. Con turret ×3
    14. Converter
    15. Con turret
    16. Converter ×9
    17. Metal storage
    18. Con turret
    19. Vehicle PlantVehicle Plantdone 4:52 · typical 4:12
    20. BlitzBlitzdone 4:54
  3. 3

    T1 vehicle raid to Advanced Vehicle Plant

    Economy
    • Energy Storage1Energy storage
    Order
    1. Advanced Geothermal PowerplantAdvanced Geothermal Powerplant after 4 mex, 6 converter, 6 con turretin 58% of games
    2. Advanced Vehicle PlantAdvanced Vehicle Plant after 5 wind, 8 converter, 6 con turretdone ~8:28, middle half 7:59–9:35
    Builders
    • Construction Turret3 Con turret
    • Construction Vehicle1 Con vehicle
    Army
    • Blitz11 Blitz +11 vs standard

    Some games also: converter (37%)

    The standard build makes here, this one skips: 4 wind · 8 converter

    By 7:53 in all: 4 mex · 4 wind (standard 11) · 1 geo · 1 Advanced Geothermal Powerplant · 6 converter (standard 12) · 2 energy storage

    The example game in this phase · 73 steps
    1. BlitzBlitz ×3
    2. Advanced Metal ExtractorT2 mexdone 5:18 · typical 5:45
    3. BlitzBlitz ×12
    4. Advanced Metal ExtractorT2 mex
    5. Con turret
    6. BlitzBlitz
    7. Con turret
    8. Advanced Metal ExtractorT2 mex
    9. Wind ×8
    10. Advanced Metal ExtractorT2 mex
    11. Wind ×7
    12. PrudePrudedone 8:02
    13. Aircraft PlantAircraft Plantdone 8:11
    14. Con turret ×3
    15. Construction AircraftCon aircraft
    16. FalconFighter
    17. FalconFighterfor Air
    18. FalconFighter
    19. FalconFighter ×2for Air
    20. Converter
    21. FalconFighter ×2
    22. FalconFighterfor Air
    23. Converter
    24. FalconFighterfor Air
    25. FalconFighter
    26. Converter
    27. Wind
    28. FalconFighter
    29. Wind
    30. FalconFighter
    31. Wind
    32. FalconFighter
    33. Wind
    34. Construction AircraftCon aircraft
    35. Wind ×2
    36. Converter
    37. Aircraft PlantAircraft Plantdone 9:01
    38. Wind
    39. Converter
    40. StormbringerBomber ×2
    41. Wind
    42. Converter
    43. StormbringerBomber ×14
    44. Wind
    45. StormbringerBomber
    46. Wind
    47. StormbringerBomber
    48. Wind
    49. StormbringerBomber
    50. BlinkScout plane ×2
    51. Wind
    52. FalconFighterfor Air
    53. FalconFighter ×2
    54. Wind
    55. FalconFighter ×3
    56. Wind
    57. FalconFighterfor Air
    58. FalconFighter
    59. Wind
    60. FalconFighter ×2
    61. FalconFighterfor Air
    62. Wind
    63. FalconFighter
    64. Wind
    65. FalconFighter ×2
    66. Vehicle PlantVehicle Plantdone 10:52
    67. FalconFighter
    68. Wind
    69. FalconFighter
    70. Construction VehicleCon vehicle
    71. FalconFighter
    72. Wind
    73. Advanced Vehicle PlantAdvanced Vehicle Plantdone 11:34 · typical 8:28
  4. 4

    Advanced Vehicle Plant to 10:00

    Some games also: wind (45%) · converter (35%) · Starlight (35%) · con turret (31%)

    The standard build makes here, this one skips: 5 wind · 2 Starlight

    By 10:00 in all: 4 mex · 8 wind (standard 19) · 1 geo · 1 Advanced Geothermal Powerplant · 10 converter (standard 16) · 2 energy storage

    The example game in this phase · 36 steps
    1. Wind ×5
    2. StarlightStarlightdone 12:03
    3. Wind ×4
    4. StarlightStarlight
    5. Con turret
    6. Energy storage ×2
    7. UmbraJammer
    8. Converter
    9. ProphetRadar vehicle
    10. Converter ×2
    11. Wind
    12. StarlightStarlight
    13. Converter
    14. Wind
    15. Converter
    16. Wind
    17. Converter ×3
    18. Wind
    19. Converter
    20. Wind
    21. Converter
    22. Vehicle PlantVehicle Plantdone 13:32
    23. Converter ×2
    24. StarlightStarlight
    25. Wind
    26. Converter ×2
    27. Vehicle PlantVehicle Plantdone 13:34
    28. Converter
    29. StoutStout ×4
    30. Vehicle PlantVehicle Plantdone 13:43
    31. StoutStout ×23
    32. BeamerBeamer
    33. StoutStout ×2
    34. BlitzBlitz
    35. StoutStout
    36. BlitzBlitz ×7

Counts are medians over the build's games: half of them build more, half fewer. The example game is UsurpeR's (45 OS, 20/09/2026); pick another.

Team trades

IN AT LEAST 30% OF ITS GAMES

You hand over

  • Lazarus1 Lazarus to Beach sea or Frontfirst at 2:16 · in 71% of games
  • Construction Bot1 Con bot to Beach seafirst at 2:46 · in 82% of games
  • Advanced Construction Vehicle1 T2 con vehicle to Front or Suicide frontfirst at 9:00 · in 37% of games

You get

  • Advanced Construction Bot1 T2 con bot from Techfirst at 4:55 · in 89% of games

How it plays out

Typical game of this build against the role’s standard build, running totals by minute

  • This build
  • Standard geo

Metal produced

020k40k
0:005:0010:0015:00

metal

Enemy metal destroyed

05k10k15k
0:005:0010:0015:00

metal

Own metal lost

05k10k
0:005:0010:0015:00

metal

65 games.

Show as table
ByMetal produced: This buildMetal produced: Standard geoEnemy metal destroyed: This buildEnemy metal destroyed: Standard geoOwn metal lost: This buildOwn metal lost: Standard geo
1:003843330000
2:009198250000
3:00170115230000
4:00269327000000
5:00443737260000
6:006329572920002600
7:0083408130960011000
8:00111541145912470134021
9:0014059144891294511450130
10:00169651740518005651600280
11:001954520377292620742461790
12:0022115233054794394036871940
13:0024714260626039596146403304
14:0027950289886970832161674785
15:00301023149778321017277016196
WHAT THE NUMBERS SAY

Won less often than the standard build, trading better mid-game damage for a much heavier metal loss around 10:00.

  • + Enemy metal destroyed by 10:00 well up (1800 vs 624)
  • + Metal produced by 5:00 ahead (4436 vs 3718)
  • − Team win rate below standard (47% vs 53%)
  • − Own metal lost by 10:00 far higher (1595 vs 334)
THE EXAMPLE YOU ARE READING

UsurpeR

44.9 OS · 20/09/2026

Open source match ↗

38 received units · includes a constructor
808 metal received · 67439 energy received

Allied construction assistance is unknown. Timings are observations, not a promise of solo reproducibility.

Typical milestones

Bot Lab1:13Middle 50%: 1:11–1:18 · n=61
Geothermal Powerplant3:31Middle 50%: 3:17–3:40 · n=64
Vehicle Plant4:12Middle 50%: 3:59–4:35 · n=65
Advanced Metal Extractor5:45Middle 50%: 5:25–6:21 · n=60
Advanced Geothermal Powerplant7:39Middle 50%: 7:22–8:00 · n=41
Advanced Vehicle Plant8:28Middle 50%: 7:59–9:35 · n=36

Played most by

Syphos32games of this build0neTw04games of this buildPlatinumBlonde4games of this buildUsurpeR4games of this buildCentientWaffle3games of this build